 Dungeon Crawl Stone Soup version 0.19.4-9-g45fd643 (webtiles) character file.

126 vatarom the Caller (level 4, -3/33 HPs)
             Began as a Mummy Summoner on Feb 20, 2017.
             Slain by a centaur zombie (5 damage)
             ... on level 4 of the Dungeon.
             The game lasted 00:05:54 (3699 turns).

vatarom the Caller (Mummy Summoner)                 Turns: 3699, Time: 00:05:55

Health: -3/33      AC:  2    Str: 11    XL:     4   Next: 84%
Magic:  4/8        EV: 12    Int: 15    God:
Gold:   169        SH:  0    Dex: 12    Spells: 4 memorised, 0 levels left

rFire  x . .     SeeInvis .     e - +0 spear
rCold  + + .     Gourm    .     a - +0 robe
rNeg   + + +     Faith    .     (no shield)
rPois  ∞         Spirit   .     (no helmet)
rElec  .         Reflect  .     (no cloak)
rCorr  .         Harm     .     (no gloves)
MR     .....                    (no boots)
Stlth  +++.......               (no amulet)
                                f - ring of stealth
                                d - ring of protection from cold

@: no status effects
A: no food or potions, fire vulnerability, cold resistance 1, negative energy
resistance 3, torment resistance, unbreathing
a: no special abilities


You were on level 4 of the Dungeon.
You were not hungry.

You visited 1 branch of the dungeon, and saw 4 of its levels.

You collected 169 gold pieces.

Inventory:

Hand Weapons
 e - a +0 spear (weapon)
Armour
 a - a +0 robe (worn)
Jewellery
 d - a ring of protection from cold (left hand)
 f - a ring of stealth (right hand)
Scrolls
 c - 2 scrolls of identify
 g - a scroll of fog
Books
 b - a book of Callings

   Spells                             Type                      Level
   a - Summon Small Mammal            Summoning                    1
   b - Call Imp                       Summoning                    2
   c - Call Canine Familiar           Summoning                    3
   d - Summon Guardian Golem          Hexes/Summoning              3
   e - Summon Lightning Spire         Summoning/Air                4
   f - Summon Ice Beast               Ice/Summoning                4


   Skills:
 - Level 2.2 Fighting
 - Level 1.5 Dodging
 - Level 1.5 Stealth
 - Level 3.0 Spellcasting
 + Level 4.1 Summonings


You couldn't memorise any spells.
You knew the following spells:

 Your Spells              Type           Power        Failure   Level  Hunger
a - Summon Small Mammal   Summ           ##..         4%          1    N/A
b - Call Imp              Summ           ##......     8%          2    N/A
c - Call Canine Familiar  Summ           ##......     14%         3    N/A
d - Summon Guardian Gole  Hex/Summ       #.......     30%         3    N/A

Dungeon Overview and Level Annotations

Branches:
Dungeon (4/15)
 Temple: D:4-7

Altars:


Innate Abilities, Weirdness & Mutations

You do not eat or drink.
Your flesh is vulnerable to fire.
You are immune to poison.
Your flesh is cold resistant. (rC+)
You are immune to negative energy. (rN+++)
You are immune to unholy pain and torment.
You can survive without breathing.


Message History

The leopard gecko zombie misses your hound.
The centaur zombie hits you!
* * * LOW HITPOINT WARNING * * *
The leopard gecko zombie bites your hound but does no damage.
Your hound bites the leopard gecko zombie.
Your hound closely misses the leopard gecko zombie.
The leopard gecko zombie bites your hound.
You can't drink.
Okay, then.
What are your orders? t - Shout!
Orders for allies: a - Attack new target. r - Retreat! s - Stop attacking. g - Guard the area. f - Follow me.
Anything else - Cancel.
Gang up on whom?
Press: ? - help, Dir - move target cursor, f - centaur zombie
Aim: a centaur zombie (moderately damaged) Attack!
The centaur zombie hits you.
You die...

#...####.....#
#...# #####..
#..###########
#........%. #
########..........
#
#.....(...........
#
#.................
#
#.............[...
#
#...@.............
#
####Z#.##.........
# #5#............
#
####h..#.........
#
##..ZZ.##...##.#.
# ##.......###.# .
#.........# ... .
#.........# ##.
#............


You could see 2 leopard gecko zombies, a centaur zombie, a friendly hound and a
friendly crimson imp.

Vanquished Creatures
  Robin (D:2)
  A dart slug (D:4)
  3 bats
  2 giant cockroaches (D:1)
  4 hobgoblins
  2 jackals (D:2)
  3 frilled lizards
  8 goblins
  3 rats
27 creatures vanquished.

Vanquished Creatures (collateral kills)
  A centaur zombie (D:4)
  Terence (D:2)
  4 adders
  An adder skeleton (D:4)
  4 worms
  An orc (D:4)
  8 goblins
  4 hobgoblins
  6 jackals (D:2)
  A quokka (D:4)
  A bat (D:2)
  2 frilled lizards (D:2)
  A kobold (D:3)
  2 rats
37 creatures vanquished.

Grand Total: 64 creatures vanquished

Notes
Turn   | Place    | Note
-------+----------+-------------------------------------------
     0 | D:1      | vatarom the Mummy Summoner began the quest for the Orb.
     0 | D:1      | Reached XP level 1. HP: 13/13 MP: 3/3
   290 | D:1      | Reached skill level 1 in Fighting
   760 | D:1      | Reached XP level 2. HP: 21/21 MP: 1/5
   771 | D:1      | Learned a level 2 spell: Call Imp
  1718 | D:2      | Reached XP level 3. HP: 27/27 MP: 3/6
  1723 | D:2      | Learned a level 3 spell: Call Canine Familiar
  1725 | D:2      | Noticed Robin
  1753 | D:2      | Killed Robin
  2318 | D:2      | Noticed Terence
  2330 | D:2      | Killed Terence
  2330 | D:2      | Reached XP level 4. HP: 33/33 MP: 1/8
  2865 | D:3      | Learned a level 3 spell: Summon Guardian Golem
  3690 | D:4      | Reached skill level 4 in Summonings
  3699 | D:4      | Slain by a centaur zombie

Skill      XL: |  1  2  3  4 |
---------------+-------------+-----
Fighting       | 1 2 |  2.2
Spellcasting   | 3 |  3.0
Summonings     | 4 |  4.1
Dodging        | |  1.5
Stealth        | |  1.5

Action                   |  1- 3 |  4- 6 || total
-------------------------+-------+-------++-------
Melee: Dagger            |    29 |       ||    29
       Spear             |    59 |    65 ||   124
 Cast: Summon Small Mamm |    17 |       ||    17
       Call Imp          |    18 |     5 ||    23
       Call Canine Famil |     1 |    10 ||    11
  Use: Scroll            |     4 |     3 ||     7
 Stab: Distracted        |     1 |     2 ||     3
       Sleeping          |     2 |     2 ||     4
Armor: Robe              |    19 |     8 ||    27
Dodge: Dodged            |    61 |    32 ||    93
